1850 views
Uploaded 2023-02-09 02:50:51
Game version 1.35 (6115)
15:18 long 3on3 ladder game on (8)Mur'gulOasis_LV
Saved by GIGA
1850 views
Uploaded 2023-02-09 02:50:51
Game version 1.35 (6115)
15:18 long 3on3 ladder game on (8)Mur'gulOasis_LV


51 units @ 4.3k
/ 0.4k
99 buildings @ 7.9k
/ 3.7k


| Healing Salve | 1 | 100 |
| total: | 1 | 100g |
| Peasant | 15 | 1125 | / | 0 |
| Mortar Team | 4 | 720 | / | 280 |
| Flying Machine | 4 | 400 | / | 120 |
| total: | 23 | 2245g | / | 400w |
| Scout Tower | 8 | 240 | / | 160 |
| Arcane Tower | 2 | 140 | / | 100 |
| Guard Tower | 5 | 350 | / | 250 |
| Altar of Kings | 2 | 360 | / | 100 |
| Farm | 10 | 800 | / | 200 |
| Lumber Mill | 2 | 240 | / | 0 |
| Town Hall | 1 | 385 | / | 205 |
| Blacksmith | 1 | 140 | / | 60 |
| Workshop | 3 | 420 | / | 420 |
| Keep | 1 | 320 | / | 210 |
| Castle | 1 | 360 | / | 210 |
| total: | 27 | 2585g | / | 1145w |
| 0:03 | Peasant |
| 0:19 | Altar of Kings |
| 0:20 | Peasant |
| 0:26 | Peasant |
| 0:36 | Farm |
| 0:37 | Peasant |
| 0:52 | Peasant |
| 1:01 | Peasant |
| 1:07 | Lumber Mill |
| 1:08 | Peasant |
| 1:12 | Farm |
| 1:21 | Scout Tower |
| 1:24 | Peasant |
| 1:51 | Arcane Tower |
| 1:58 | Peasant |
| 2:02 | Scout Tower |
| 2:06 | Peasant |
| 2:09 | Scout Tower |
| 2:11 | Peasant |
| 2:33 | Peasant |
| 2:35 | Arcane Tower |
| 2:42 | Scout Tower |
| 2:46 | Guard Tower |
| 2:48 | Peasant |
| 2:55 | Storm Bolt |
| 3:40 | Scout Tower |
| 3:41 | Scout Tower |
| 4:09 | Town Hall |
| 4:28 | Guard Tower |
| 4:29 | Peasant |
| 4:30 | Peasant |
| 4:33 | Farm |
| 4:34 | Guard Tower |
| 4:54 | Scout Tower |
| 4:55 | Scout Tower |
| 5:25 | Guard Tower |
| 5:29 | Guard Tower |
| 6:12 | Keep |
| 6:26 | Healing Salve |
| 7:16 | Blacksmith |
| 7:19 | Farm |
| 7:20 | Farm |
| 7:21 | Farm |
| 7:23 | Farm |
| 7:57 | Lumber Mill |
| 8:51 | Altar of Kings |
| 8:57 | Workshop |
| 9:49 | Castle |
| 10:02 | Mortar Team |
| 10:02 | Mortar Team |
| 10:07 | Farm |
| 10:08 | Farm |
| 10:08 | Farm |
| 10:51 | Holy Light |
| 11:00 | Workshop |
| 11:05 | Workshop |
| 11:09 | Flare |
| 11:09 | Flak Cannons |
| 11:15 | Improved Lumber Harvesting |
| 11:17 | Black Gunpowder |
| 12:26 | Flying Machine Bombs |
| 12:27 | Fragmentation Shards |
| 13:37 | Flying Machine |
| 13:38 | Flying Machine |
| 13:38 | Flying Machine |
| 13:38 | Flying Machine |
| 14:20 | Mortar Team |
| 14:20 | Mortar Team |
| Right click | 559 |
| Select | 174 |
| Select group | 109 |
| Build/train/purchase | 48 |
| Resource trade | 15 |
| Use ability | 14 |
| Assign group | 9 |
| Misc. action | 5 |
| Esc | 5 |
| Chat | 4 |
| Minimap ping | 3 |


| Peasant | 13 | 975 | / | 0 |
| total: | 13 | 975g | / | 0w |
| Scout Tower | 41 | 1230 | / | 820 |
| Arcane Tower | 10 | 700 | / | 500 |
| Guard Tower | 15 | 1050 | / | 750 |
| Altar of Kings | 3 | 540 | / | 150 |
| Farm | 7 | 560 | / | 140 |
| Lumber Mill | 2 | 240 | / | 0 |
| Keep | 1 | 320 | / | 210 |
| total: | 53 | 2570g | / | 1110w |
| 0:03 | Peasant |
| 0:04 | Peasant |
| 0:08 | Altar of Kings |
| 0:11 | Farm |
| 0:12 | Farm |
| 0:21 | Peasant |
| 0:39 | Lumber Mill |
| 0:42 | Scout Tower |
| 0:43 | Peasant |
| 1:03 | Peasant |
| 1:15 | Peasant |
| 1:15 | Peasant |
| 1:20 | Farm |
| 1:31 | Peasant |
| 1:41 | Improved Lumber Harvesting |
| 1:43 | Peasant |
| 1:53 | Arcane Tower |
| 2:00 | Scout Tower |
| 2:03 | Peasant |
| 2:21 | Peasant |
| 2:21 | Peasant |
| 2:21 | Peasant |
| 2:27 | Guard Tower |
| 2:30 | Scout Tower |
| 2:59 | Guard Tower |
| 3:01 | Scout Tower |
| 3:02 | Scout Tower |
| 3:18 | Storm Bolt |
| 3:42 | Keep |
| 3:55 | Scout Tower |
| 3:56 | Scout Tower |
| 3:59 | Scout Tower |
| 4:01 | Scout Tower |
| 4:03 | Scout Tower |
| 4:13 | Improved Masonry |
| 4:16 | Guard Tower |
| 4:29 | Guard Tower |
| 4:32 | Scout Tower |
| 4:32 | Scout Tower |
| 4:33 | Scout Tower |
| 4:36 | Scout Tower |
| 5:03 | Scout Tower |
| 5:04 | Scout Tower |
| 5:07 | Scout Tower |
| 5:08 | Scout Tower |
| 5:09 | Scout Tower |
| 5:10 | Scout Tower |
| 5:11 | Scout Tower |
| 5:13 | Scout Tower |
| 5:13 | Scout Tower |
| 5:14 | Scout Tower |
| 5:16 | Scout Tower |
| 5:17 | Scout Tower |
| 5:19 | Scout Tower |
| 5:21 | Guard Tower |
| 5:23 | Guard Tower |
| 6:44 | Scout Tower |
| 6:44 | Scout Tower |
| 6:47 | Scout Tower |
| 6:47 | Scout Tower |
| 6:48 | Scout Tower |
| 6:50 | Scout Tower |
| 7:06 | Holy Light |
| 7:07 | Guard Tower |
| 7:10 | Guard Tower |
| 7:13 | Guard Tower |
| 7:14 | Scout Tower |
| 7:15 | Scout Tower |
| 7:26 | Scout Tower |
| 7:27 | Scout Tower |
| 7:34 | Guard Tower |
| 7:40 | Arcane Tower |
| 7:43 | Scout Tower |
| 7:45 | Arcane Tower |
| 7:47 | Arcane Tower |
| 7:49 | Arcane Tower |
| 7:51 | Arcane Tower |
| 7:55 | Lumber Mill |
| 8:48 | Arcane Tower |
| 8:59 | Arcane Tower |
| 9:02 | Scout Tower |
| 9:03 | Scout Tower |
| 9:04 | Guard Tower |
| 9:30 | Advanced Masonry |
| 9:45 | Altar of Kings |
| 9:48 | Altar of Kings |
| 9:52 | Farm |
| 9:56 | Farm |
| 10:02 | Arcane Tower |
| 10:05 | Arcane Tower |
| 10:12 | Guard Tower |
| 10:42 | Guard Tower |
| 10:56 | Guard Tower |
| 11:01 | Guard Tower |
| 11:22 | Farm |
| 12:02 | Farm |
| 12:10 | Scout Tower |
| Right click | 396 |
| Select | 292 |
| Build/train/purchase | 52 |
| Chat | 39 |
| Misc. action | 6 |
| Select group | 5 |
| Resource trade | 5 |
| Assign group | 4 |
| Use ability | 4 |
| Minimap ping | 2 |
| Esc | 1 |
Cabeelibob
(194)
(14:57) : 
| Boots of Speed | 1 | 250 |
| Staff of Teleportation | 1 | 150 |
| total: | 2 | 400g |
| Peon | 15 | 1125 | / | 0 |
| total: | 15 | 1125g | / | 0w |
| Watch Tower | 11 | 1210 | / | 880 |
| Altar of Storms | 1 | 180 | / | 50 |
| Orc Burrow | 2 | 320 | / | 80 |
| Voodoo Lounge | 2 | 260 | / | 60 |
| War Mill | 1 | 205 | / | 0 |
| Great Hall | 1 | 385 | / | 185 |
| Spirit Lodge | 1 | 150 | / | 150 |
| Stronghold | 1 | 315 | / | 190 |
| Fortress | 1 | 325 | / | 190 |
| total: | 19 | 2710g | / | 1405w |
| 0:11 | Altar of Storms |
| 0:15 | Orc Burrow |
| 0:16 | Peon |
| 0:25 | Peon |
| 0:44 | Peon |
| 1:03 | Peon |
| 1:04 | Peon |
| 1:04 | Peon |
| 1:04 | Peon |
| 1:20 | Voodoo Lounge |
| 1:27 | War Mill |
| 1:40 | Peon |
| 1:53 | Peon |
| 2:05 | Peon |
| 2:09 | Orc Burrow |
| 2:12 | Peon |
| 2:45 | Spiked Barricades |
| 2:46 | Peon |
| 2:58 | Peon |
| 3:08 | Watch Tower |
| 3:17 | Wind Walk |
| 4:06 | Watch Tower |
| 4:09 | Voodoo Lounge |
| 4:42 | Great Hall |
| 4:47 | Peon |
| 4:47 | Peon |
| 5:43 | Watch Tower |
| 5:46 | Watch Tower |
| 7:08 | Stronghold |
| 7:34 | Watch Tower |
| 7:36 | Watch Tower |
| 8:35 | Watch Tower |
| 8:36 | Watch Tower |
| 8:38 | Watch Tower |
| 8:43 | Watch Tower |
| 8:43 | Watch Tower |
| 8:59 | Critical Strike |
| 9:30 | Fortress |
| 10:10 | Spirit Lodge |
| 11:02 | Boots of Speed |
| 11:02 | Staff of Teleportation |
| 11:27 | Witch Doctor Adept Training |
| 14:56 | Wind Walk |
| Right click | 396 |
| Select | 98 |
| Select group | 49 |
| Resource trade | 46 |
| Build/train/purchase | 38 |
| Misc. action | 30 |
| Chat | 7 |
| Assign group | 3 |
| Use ability | 2 |
| Remove unit | 1 |
75 units @ 9.8k
/ 1.2k
51 buildings @ 6.7k
/ 2.8k


| Healing Salve | 2 | 200 |
| Lesser Clarity Potion | 3 | 210 |
| total: | 5 | 410g |
| Peon | 10 | 750 | / | 0 |
| Troll Headhunter | 8 | 1120 | / | 160 |
| Troll Batrider | 5 | 800 | / | 200 |
| Demolisher | 2 | 440 | / | 100 |
| total: | 25 | 3110g | / | 460w |
| Altar of Storms | 1 | 180 | / | 50 |
| Orc Burrow | 5 | 800 | / | 200 |
| War Mill | 1 | 205 | / | 0 |
| Barracks | 1 | 180 | / | 50 |
| Voodoo Lounge | 1 | 130 | / | 30 |
| Beastiary | 1 | 145 | / | 140 |
| Stronghold | 1 | 315 | / | 190 |
| Fortress | 1 | 325 | / | 190 |
| total: | 10 | 1640g | / | 470w |
| 0:01 | Peon |
| 0:02 | Peon |
| 0:02 | Peon |
| 0:05 | Altar of Storms |
| 0:17 | Orc Burrow |
| 0:22 | Peon |
| 0:50 | War Mill |
| 1:03 | Barracks |
| 1:09 | Peon |
| 1:18 | Peon |
| 1:25 | Peon |
| 1:40 | Orc Burrow |
| 2:04 | Troll Headhunter |
| 2:06 | Feral Spirit |
| 2:15 | Voodoo Lounge |
| 2:26 | Troll Headhunter |
| 2:37 | Troll Headhunter |
| 2:59 | Troll Headhunter |
| 3:05 | Chain Lighting |
| 3:15 | Troll Headhunter |
| 3:17 | Stronghold |
| 3:43 | Troll Headhunter |
| 4:18 | Troll Headhunter |
| 4:21 | Orc Burrow |
| 4:36 | Feral Spirit |
| 4:40 | Troll Headhunter |
| 4:41 | Steel Ranged Weapons |
| 4:41 | Steel Armor |
| 5:57 | Healing Salve |
| 5:57 | Lesser Clarity Potion |
| 6:04 | Lesser Clarity Potion |
| 6:06 | Healing Salve |
| 6:06 | Lesser Clarity Potion |
| 6:31 | Beastiary |
| 7:45 | Healing Wave |
| 7:52 | Troll Batrider |
| 7:53 | Troll Batrider |
| 8:00 | Peon |
| 8:00 | Peon |
| 8:00 | Peon |
| 8:40 | Troll Batrider |
| 9:04 | Fortress |
| 9:10 | Orc Burrow |
| 9:20 | Chain Lighting |
| 10:07 | Demolisher |
| 10:22 | Reinforced Defenses |
| 10:27 | Orc Burrow |
| 11:19 | Troll Batrider |
| 11:20 | Demolisher |
| 11:59 | Berserker Upgrade |
| 12:00 | Burning Oil |
| 12:02 | Troll Batrider |
| 12:02 | Liquid Fire |
| 12:35 | Serpent Ward |
| Select group | 421 |
| Right click | 397 |
| Select | 168 |
| Misc. action | 118 |
| Build/train/purchase | 75 |
| Assign group | 22 |
| Use ability | 18 |
| Item give/drop | 4 |
| Chat | 4 |
| Esc | 2 |
| Minimap ping | 1 |



| Lesser Clarity Potion | 4 | 280 |
| Scroll of Regeneration | 2 | 200 |
| Boots of Speed | 1 | 250 |
| total: | 7 | 730g |
| Peasant | 16 | 1200 | / | 0 |
| Footman | 8 | 1080 | / | 0 |
| Rifleman | 1 | 205 | / | 30 |
| Flying Machine | 1 | 100 | / | 30 |
| Dragonhawk Rider | 2 | 400 | / | 60 |
| total: | 28 | 2985g | / | 120w |
| Scout Tower | 5 | 150 | / | 100 |
| Arcane Tower | 2 | 140 | / | 100 |
| Guard Tower | 2 | 140 | / | 100 |
| Altar of Kings | 1 | 180 | / | 50 |
| Farm | 11 | 880 | / | 220 |
| Barracks | 1 | 160 | / | 60 |
| Arcane Vault | 1 | 130 | / | 30 |
| Blacksmith | 1 | 140 | / | 60 |
| Lumber Mill | 1 | 120 | / | 0 |
| Town Hall | 1 | 385 | / | 205 |
| Arcane Sanctum | 1 | 150 | / | 140 |
| Workshop | 1 | 140 | / | 140 |
| Gryphon Aviary | 2 | 280 | / | 300 |
| Keep | 1 | 320 | / | 210 |
| Castle | 1 | 360 | / | 210 |
| total: | 26 | 2715g | / | 1305w |
| 0:03 | Peasant |
| 0:03 | Peasant |
| 0:07 | Altar of Kings |
| 0:11 | Farm |
| 0:19 | Barracks |
| 0:33 | Peasant |
| 0:42 | Peasant |
| 0:53 | Farm |
| 1:04 | Peasant |
| 1:17 | Peasant |
| 1:20 | Footman |
| 1:33 | Scout Tower |
| 1:37 | Farm |
| 1:42 | Footman |
| 1:50 | Peasant |
| 1:59 | Arcane Tower |
| 2:07 | Summon Water Elemental |
| 2:13 | Footman |
| 2:24 | Arcane Vault |
| 2:48 | Peasant |
| 2:48 | Peasant |
| 3:06 | Brilliance Aura |
| 3:27 | Farm |
| 3:29 | Peasant |
| 4:09 | Summon Water Elemental |
| 4:11 | Keep |
| 4:17 | Lesser Clarity Potion |
| 4:17 | Lesser Clarity Potion |
| 4:18 | Scroll of Regeneration |
| 4:24 | Farm |
| 4:28 | Blacksmith |
| 4:31 | Lumber Mill |
| 5:04 | Footman |
| 5:17 | Boots of Speed |
| 5:21 | Footman |
| 5:53 | Footman |
| 6:03 | Footman |
| 6:21 | Footman |
| 6:38 | Arcane Sanctum |
| 7:01 | Castle |
| 7:03 | Farm |
| 7:16 | Defend |
| 7:20 | Workshop |
| 7:22 | Improved Lumber Harvesting |
| 7:34 | Lesser Clarity Potion |
| 7:34 | Lesser Clarity Potion |
| 7:35 | Scroll of Regeneration |
| 7:37 | Storm Bolt |
| 8:46 | Rifleman |
| 9:26 | Flak Cannons |
| 9:26 | Flying Machine |
| 9:29 | Brilliance Aura |
| 9:31 | Priest Adept Training |
| 9:53 | Farm |
| 9:54 | Farm |
| 9:55 | Farm |
| 10:45 | Fragmentation Shards |
| 10:47 | Farm |
| 10:48 | Farm |
| 10:50 | Peasant |
| 10:50 | Peasant |
| 10:50 | Peasant |
| 11:18 | Town Hall |
| 11:23 | Peasant |
| 11:24 | Advanced Lumber Harvesting |
| 11:53 | Gryphon Aviary |
| 11:56 | Gryphon Aviary |
| 12:03 | Holy Light |
| 12:27 | Magic Sentry |
| 12:31 | Scout Tower |
| 12:32 | Scout Tower |
| 12:58 | Arcane Tower |
| 13:01 | Peasant |
| 13:01 | Peasant |
| 13:03 | Guard Tower |
| 13:07 | Scout Tower |
| 13:09 | Scout Tower |
| 13:13 | Improved Masonry |
| 13:34 | Cloud |
| 13:38 | Dragonhawk Rider |
| 14:07 | Iron Forged Swords |
| 14:10 | Dragonhawk Rider |
| 14:14 | Thunder Clap |
| 14:35 | Animal War Training |
| 14:37 | Guard Tower |
| 14:44 | Divine Shield |
| Select group | 865 |
| Right click | 581 |
| Select | 282 |
| Assign group | 151 |
| Build/train/purchase | 108 |
| Misc. action | 13 |
| Chat | 11 |
| Item give/drop | 5 |
| Use ability | 2 |
| Minimap ping | 2 |


| Rod of Necromancy | 2 | 300 |
| Potion of Healing | 1 | 150 |
| Ritual Dagger | 1 | 125 |
| total: | 4 | 575g |
| Acolyte | 6 | 450 | / | 0 |
| Ghoul | 3 | 360 | / | 0 |
| Crypt Fiend | 6 | 1290 | / | 240 |
| Obsidian Statue | 1 | 200 | / | 35 |
| Meat Wagon | 6 | 1380 | / | 300 |
| total: | 22 | 3680g | / | 575w |
| Nerubian Tower | 1 | 100 | / | 20 |
| Graveyard | 1 | 215 | / | 0 |
| Crypt | 1 | 200 | / | 50 |
| Altar of Darkness | 1 | 180 | / | 50 |
| Ziggurat | 6 | 900 | / | 300 |
| Tomb of Relics | 1 | 130 | / | 30 |
| Necropolis | 1 | 225 | / | 0 |
| Sacrificial Pit | 1 | 75 | / | 150 |
| Slaughterhouse | 3 | 420 | / | 405 |
| Halls of the Dead | 1 | 320 | / | 210 |
| Black Citadel | 1 | 325 | / | 230 |
| total: | 15 | 2345g | / | 985w |
| 0:02 | Acolyte |
| 0:06 | Graveyard |
| 0:08 | Crypt |
| 0:17 | Acolyte |
| 0:40 | Altar of Darkness |
| 0:58 | Ziggurat |
| 1:14 | Ghoul |
| 1:26 | Tomb of Relics |
| 1:53 | Crypt Fiend |
| 2:05 | Ziggurat |
| 2:25 | Crypt Fiend |
| 2:49 | Death Coil |
| 2:50 | Rod of Necromancy |
| 3:01 | Crypt Fiend |
| 3:34 | Halls of the Dead |
| 3:49 | Ziggurat |
| 4:04 | Unholy Aura |
| 4:05 | Ghoul |
| 4:11 | Ghoul |
| 4:29 | Nerubian Tower |
| 4:46 | Crypt Fiend |
| 5:07 | Death Coil |
| 5:49 | Crypt Fiend |
| 6:09 | Burrow |
| 6:26 | Sacrificial Pit |
| 6:32 | Crypt Fiend |
| 6:39 | Ziggurat |
| 6:42 | Acolyte |
| 6:50 | Slaughterhouse |
| 7:07 | Potion of Healing |
| 7:15 | Frost Nova |
| 7:21 | Rod of Necromancy |
| 7:31 | Ritual Dagger |
| 8:36 | Obsidian Statue |
| 8:37 | Black Citadel |
| 9:08 | Web |
| 9:20 | Meat Wagon |
| 9:22 | Slaughterhouse |
| 9:45 | Ziggurat |
| 10:23 | Slaughterhouse |
| 10:51 | Meat Wagon |
| 11:02 | Disease Cloud |
| 11:21 | Backpack |
| 11:34 | Acolyte |
| 11:48 | Meat Wagon |
| 11:52 | Ziggurat |
| 12:09 | Acolyte |
| 12:51 | Necropolis |
| 13:27 | Meat Wagon |
| 13:33 | Acolyte |
| 14:07 | Meat Wagon |
| 14:46 | Unholy Aura |
| 15:01 | Meat Wagon |
| Select group | 1181 |
| Right click | 1142 |
| Select | 233 |
| Assign group | 125 |
| Misc. action | 117 |
| Build/train/purchase | 47 |
| Minimap ping | 22 |
| Use ability | 19 |